 Dungeon Crawl Stone Soup version 0.23.0 (webtiles) character file.

Game seed: 9657467787624059986

213 Ishingly the Cudgeler (level 5, -1/34 HPs)
             Began as a Gargoyle Berserker on Feb 13, 2019.
             Was a Priest of Trog.
             Slain by an ogre
             ... wielding a +0 giant club
              (21 damage)
             ... on level 3 of the Dungeon.
             The game lasted 00:11:17 (2454 turns).

Ishingly the Cudgeler (Gargoyle Berserker)          Turns: 2454, Time: 00:11:18

Health: -1/34      AC: 10    Str: 22    XL:     5   Next: 90%
Magic:  0/5        EV: 10    Int:  7    God:    Trog [***...]
Gold:   95         SH:  3    Dex:  9    Spells: 4/4 levels left

rFire    . . .     SeeInvis .   s - +0 flail
rCold    . . .     Gourm    .   k - +0 buckler
rNeg     + . .     Faith    .   g - +0 ring mail
rPois    ∞         Spirit   +   j - +0 helmet
rElec    +         Reflect  .   o - scarf {Spirit}
rCorr    .         Harm     .   (no gloves)
MR       .....                  (no boots)
Stlth    ..........             (no amulet)
HPRegen  0.11/turn              (no ring)
MPRegen  0.09/turn              (no ring)

@: no status effects
A: negative energy resistance 1, electricity resistance, unbreathing,
petrification resistance, rot immunity, AC +4
a: Berserk, Trog's Hand, Renounce Religion


You were on level 3 of the Dungeon.
You worshipped Trog.
Trog was most pleased with you.
You were hungry.

You visited 1 branch of the dungeon, and saw 3 of its levels.

You collected 95 gold pieces.

Inventory:

Hand Weapons
 s - a +0 flail (weapon)
Armour
 g - a +0 ring mail (worn)
 j - a +0 helmet (worn)
 k - a +0 buckler (worn)
 o - a scarf of spirit shield (worn)
Scrolls
 a - a scroll of immolation {unknown}
 d - a scroll of fog {unknown}
 e - a scroll of fear {unknown}
 f - 3 scrolls of identify
 i - 3 scrolls of remove curse {unknown}
 l - 2 scrolls of teleportation
 q - a scroll of enchant weapon {unknown}
Potions
 b - a potion of might {unknown}
 h - a potion of flight {unknown}
 m - 2 potions of heal wounds
 n - a potion of magic {unknown}
 p - a potion of curing {unknown}
Comestibles
 c - 8 rations


   Skills:
 + Level 4.3 Fighting
 * Level 4.8 Maces & Flails
 + Level 3.5 Armour
 - Level 1.5 Dodging
 + Level 1.5 Shields


You had 4 spell levels left.
You didn't know any spells.
Your spell library was empty.

Dungeon Overview and Level Annotations

Branches:
Dungeon (3/15)

Altars:
Ashenzari
Hepliaklqana


Innate Abilities, Weirdness & Mutations

You are resistant to torment.
Your stone body is resilient. (AC +4)
You are immune to poison.
You resist negative energy. (rN+)
You are resistant to electric shocks. (rElec)
You can survive without breathing.
You are immune to petrification.
You are immune to rotting.


Message History

The hobgoblin barely misses you.
You hit the hobgoblin.
The hobgoblin is moderately wounded.
The hobgoblin hits you.
You sock the hobgoblin!
You kill the hobgoblin!
Trog accepts your kill. The frilled lizard barely misses you.
You closely miss the frilled lizard. The frilled lizard barely misses you.
You barely miss the ogre. The frilled lizard closely misses you.
The ogre closely misses you.
You hit the ogre.
The ogre is lightly wounded.
You block the frilled lizard's attack. The ogre hits you with a +0 giant club!
You hit the ogre but do no damage.
The ogre is lightly wounded.
You block the frilled lizard's attack.
The ogre hits you with a +0 giant club!!
Ouch! That really hurt!
You die...

.....#.#.######.#
#....#
.##..#.#......#.#
#..).#
.##..#.#...##.#.#
####.#
.......#.#.##.#.#####
.#
#.#......#......#...
.#
#.#.##......#.#.#.##
..
#.#.##........#....#
##
#....+....#........#.#
######....##....@....#
# #....######lO.#.# #
#....# (...# # ######
.....# # ...#### #
.$.. # #.... #....


You could see an ogre and a frilled lizard.

Vanquished Creatures
  Robin (D:2)
  4 gnolls (D:3)
  6 adders
  2 worms
  2 dart slugs
  4 leopard geckos
  2 orcs
  6 bats
  7 giant cockroaches
  17 goblins
  11 hobgoblins
  4 jackals
  7 kobolds
  2 ball pythons
  9 frilled lizards
  10 rats
94 creatures vanquished.

Notes
Turn   | Place    | Note
-------+----------+-------------------------------------------
     0 | D:1      | Ishingly the Gargoyle Berserker began the quest for the
                  | Orb.
     0 | D:1      | Reached XP level 1. HP: 14/14 MP: 1/1
    54 | D:1      | Reached XP level 2. HP: 19/19 MP: 2/2
   643 | D:1      | Reached XP level 3. HP: 23/23 MP: 3/3
   789 | D:2      | Noticed Robin
   802 | D:2      | Reached ** piety under Trog
   835 | D:2      | Killed Robin
   835 | D:2      | Reached XP level 4. HP: 10/29 MP: 4/4
  1157 | D:2      | Found a shattered altar of Ashenzari.
  1528 | D:2      | Found a hazy altar of Hepliaklqana.
  1990 | D:3      | Reached XP level 5. HP: 32/33 MP: 5/5
  2003 | D:3      | Reached skill level 1 in Shields
  2144 | D:3      | Reached *** piety under Trog
  2446 | D:3      | Noticed an ogre
  2454 | D:3      | Slain by an ogre

Skill      XL: |  1  2  3  4  5 |
---------------+----------------+-----
Maces & Flails | 4 |  4.8
Armour         | 3 |  3.5
Fighting       | 4 |  4.3
Shields        | 1 |  1.5
Dodging        | |  1.5

Action                   |  1- 3 |  4- 6 || total
-------------------------+-------+-------++-------
Melee: Mace              |   100 |   171 ||   271
       Flail             |       |    42 ||    42
Invok: Berserk           |     1 |       ||     1
  Use: Scroll            |       |     2 ||     2
  Eat: Chunk             |       |     6 ||     6
Armor: Animal skin       |    10 |       ||    10
       Ring mail         |    62 |   131 ||   193
Dodge: Dodged            |    89 |   155 ||   244
Block: Buckler           |       |    51 ||    51
